 Dungeon Crawl Stone Soup version 0.30-a0-936-ge0d47acfc0 (console) character file.

Game seed: 9714153990605243101

3927 Ignak the Ogre Mage (level 10, -13/96 HPs)
             Began as an Ogre Hedge Wizard on Mar 24, 2023.
             Was an Elder of Okawaru.
             Mangled by a two-headed ogre
             ... wielding a +0 giant spiked club
              (30 damage)
             ... on level 8 of the Dungeon.
             The game lasted 00:31:47 (9080 turns).

Ignak the Ogre Mage (Ogre Hedge Wizard)             Turns: 9080, Time: 00:31:48

Health: -13/96     AC: 11    Str: 24    XL:     10   Next: 21%
Magic:  13/19      EV: 10    Int: 20    God:    Okawaru [****..]
Gold:   1149       SH:  0    Dex:  8    Spells: 8/21 levels left

rFire   . . .      SeeInvis .    A - +11 morningstar {freeze, rElec Int+3}
rCold   . . .      Faith    .    (no shield)
rNeg    . . .      Spirit   .    g - +0 robe
rPois   .          Reflect  .    c - +1 hat
rElec   +          Rampage  .    o - +2 cloak {Will+}
rCorr   .                        (gloves unavailable)
Will    ++...                    (boots unavailable)
Stlth   +                        (no amulet)
HPRegen 0.36/turn                e - +6 ring of strength
MPRegen 0.16/turn                b - +4 ring of protection

@: about to teleport, wereblooded, on blink cooldown
A: large, unfitting armour, tough skin 1
a: Renounce Religion, Heroism, Finesse


You were on level 8 of the Dungeon.
You worshipped Okawaru.
Okawaru was greatly pleased with you.
You visited 1 branch of the dungeon, and saw 8 of its levels.
You also visited: Sewer and Bailey.

You collected 1550 gold pieces.
You spent 401 gold pieces at shops.

Inventory:

Hand Weapons
 A - the +11 morningstar of Exilocib (weapon) {freeze, rElec Int+3}
   (You bought it in a shop on level 7 of the Dungeon)

   Int:       It affects your intelligence (+3).
   rElec:     It insulates you from electricity.
Missiles
 z - 2 throwing nets
Armour
 a - a +0 tower shield
 c - a +1 hat (worn)
 g - a +0 robe (worn)
 o - a +2 cloak of willpower (worn)
Magical Staves
 q - a staff of fire
Jewellery
 b - a +4 ring of protection (right hand)
 e - a +6 ring of strength (left hand)
 p - a ring of see invisible
Wands
 x - a wand of flame (23)
Scrolls
 d - 4 scrolls of teleportation
 f - a scroll of amnesia
 n - a scroll of fear
 t - 2 scrolls of blinking
 v - a scroll of fog {unknown}
 w - a scroll of poison
 y - a scroll of butterflies {unknown}
 B - a scroll of vulnerability {unknown}
Potions
 h - 2 potions of heal wounds {unknown}
 i - a potion of mutation {unknown}
 j - a potion of resistance
 k - a potion of magic
 l - a potion of flight {unknown}
 m - a potion of lignification {unknown}
 r - a potion of curing
 s - a potion of invisibility
 u - 2 potions of brilliance {unknown}


   Skills:
 + Level 5.4 Fighting
 - Level 4.0 Axes
 + Level 0.3(2.2) Maces & Flails
 - Level 1.3 Armour
 + Level 4.2 Dodging
 - Level 1.4 Stealth
 * Level 1.2 Shields
 + Level 6.0 Spellcasting
 * Level 5.1 Conjurations
 - Level 0.8 Summonings
 - Level 0.3 Necromancy
 - Level 3.0 Translocations
 + Level 3.1 Transmutations
 + Level 3.4 Fire Magic
 * Level 5.1 Air Magic
 - Level 2.0 Poison Magic
 + Level 3.0 Invocations


You had 8 spell levels left.
You knew the following spells:

 Your Spells              Type           Power      Damage    Failure   Level
a - Magic Dart            Conj           100%       1d8       1%          1
b - Blink                 Tloc           36%        N/A       4%          2
d - Mephitic Cloud        Conj/Pois/Air  22%        N/A       6%          3
e - Wereblood             Tmut           18%        N/A       4%          2
f - Arcjolt               Conj/Air       13%        1d23      34%         5

Your spell library contained the following spells:

 Spells                   Type           Power      Damage    Failure   Level
 Static Discharge         Conj/Air       52%        2-5/arc   1%          2
 Beastly Appendage        Tmut           36%        N/A       2%          1
 Poisonous Vapours        Pois/Air       40%        N/A       3%          2
 Cigotuvi's Dreadful Rot  Necr/Pois/Air  32%        N/A       5%          2
 Vhi's Electric Charge    Tloc/Air       44%        N/A       6%          3
 Necrotise                Necr           28%        1d5       9%          1
 Slow                     Hex            24%        N/A       11%         1
 Spider Form              Tmut/Pois      16%        N/A       11%         3
 Vampiric Draining        Necr           7%         2d6       26%         3
 Plasma Beam              Fire/Air       11%        2x1d24    43%         5
 Blade Hands              Tmut           9%         N/A       61%         5
 Agony                    Necr           7%         N/A       94%         5
 Eringya's Noxious Bog    Tmut/Pois      8%         N/A       99%         6
 Iron Shot                Conj/Erth      8%         9d3       99%         6
 Call Imp                 Summ           Unusable   N/A       N/A         2
 Animate Armour           Summ/Erth      Unusable   N/A       N/A         4
 Summon Forest            Summ/Tloc      Unusable   N/A       N/A         5
 Summon Hydra             Summ           Unusable   N/A       N/A         7

Dungeon Overview and Level Annotations

Branches:
Dungeon (8/15)             Temple (0/1) D:7           Sewer (visited)
 Bailey (visited)
   Lair: D:8-11

Altars:
Elyvilon
Fedhas
Gozag
Okawaru

Shops:
D:1 [![*   D:2 [   D:7 *


Innate Abilities, Weirdness & Mutations

You are too large for most types of armour.
You have tough skin. (AC +1)


Message History

Found a war axe.
Casting: Wereblood (safe; 4% risk of failure)
Confirm with . or Enter, or press ? or * to list all spells.
Aiming: Mephitic Cloud (mildly dangerous; 6% risk of failure)
Press: ? - help, Shift-Dir - straight line The ball explodes into a vile cloud!
The stinking cloud engulfs the gnoll sergeant but does no damage.
The stinking cloud engulfs the steam dragon but does no damage.
The steam dragon is severely wounded.
A vampire mosquito comes into view.
The gnoll sergeant is engulfed in noxious fumes.
The gnoll sergeant appears confused.
Press: ? - help, v - describe, . - travel
Here: a gnoll, wielding a +0 flail The floor.
As you read the scroll of fear, it crumbles to dust.
You assume a fearsome visage.
The vampire mosquito is unaffected.
The gnoll sergeant looks frightened!
The gnoll looks frightened!
The steam dragon looks frightened!
The steam dragon is engulfed in noxious fumes.
The steam dragon appears confused.
The steam dragon bites itself.
The steam dragon claws itself.
The gnoll sergeant is engulfed in noxious fumes.
The gnoll sergeant appears confused.
As you read the scroll of teleportation, it crumbles to dust.
You feel strangely unstable.
A two-headed ogre comes into view.
It is wielding a +0 giant spiked club and a +0 giant club.
The steam dragon is engulfed in noxious fumes.
The steam dragon appears confused.
A gnoll comes into view. It is wielding a +0 club.
The gnoll sergeant is engulfed in noxious fumes.
Casting: Mephitic Cloud (mildly dangerous; 6% risk of failure)
Confirm with . or Enter, or press ? or * to list all spells.
You blink.
Okawaru accepts your kill.
You feel a bit more experienced.
Your Invocations skill increases to level 3!
The two-headed ogre attacks as you move away!
The two-headed ogre hits you with a +0 giant spiked club!!
You die...

#.. #... #....
#..... ##........ .
#.......... ..
###.....)....
..g#O@..........
......g.y..........
....#..............
.. #..............
#...##.........
#...#..ยง.......
....
#.#.D..........
....###
#.##g....##...#
....... #....## ###


You could see a two-headed ogre, a vampire mosquito and a gnoll.

Vanquished Creatures
  An orc high priest (Bailey)
  A kobold demonologist (Bailey)
  A water moccasin (Sewer)
  A sky beast (D:6)
  A black bear (D:4)
  10 orc warriors (Bailey)
  2 ogres
  A phantom (D:5)
  A gnoll sergeant (D:8)
  2 scorpions
  4 killer bees (D:7)
  2 howler monkeys
  4 electric eels (Bailey)
  4 gnoll boudas
  A jelly (D:4)
  An orc priest (D:6)
  2 sleepcaps
  9 orc wizards
  18 gnolls
  7 adders
  2 river rats (D:4)
  A shadow imp (D:6)
  A white imp (D:5)
  An ufetubus (D:4)
  A worm (D:3)
  3 dart slugs
  29 orcs
  4 endoplasms
  3 giant cockroaches
  15 goblins
  5 hobgoblins
  6 kobolds
  6 quokkas
  7 ball pythons
  8 bats
  2 frilled lizards
  3 rats (D:2)
170 creatures vanquished.

Vanquished Creatures (collateral kills)
  An ogre (D:4)
  A sleepcap (D:5)
  An iguana (D:4)
  An orc wizard (D:2)
  2 adders (D:2)
  4 orcs
  2 endoplasms
  2 goblins
  2 hobgoblins (D:3)
  A ball python (D:4)
  4 bats
  2 rats
23 creatures vanquished.

Grand Total: 193 creatures vanquished

Notes
Turn   | Place    | Note
-------+----------+-------------------------------------------
     0 | D:1      | Ignak the Ogre Hedge Wizard began the quest for the Orb.
     0 | D:1      | Reached XP level 1. HP: 16/16 MP: 5/5
    67 | D:1      | Found Memox's Antique Armour Shop.
    77 | D:1      | Reached skill level 1 in Translocations
    83 | D:1      | Reached skill level 1 in Conjurations
   108 | D:1      | Reached XP level 2. HP: 15/26 MP: 2/6
   190 | D:1      | Found Zyacliti's Distillery.
   224 | D:1      | Found a faded altar of an unknown god.
   421 | D:1      | Found Warchu Nudd's Armour Boutique.
   425 | D:1      | Found Wofea's General Store.
   591 | D:1      | Reached skill level 1 in Fighting
   774 | D:1      | Learned a level 2 spell: Blink
   777 | D:1      | Learned a level 2 spell: Call Imp
   892 | D:2      | Reached XP level 3. HP: 26/33 MP: 2/8
   902 | D:2      | Learned a level 3 spell: Mephitic Cloud
  1342 | D:2      | Found Town's Antique Armour Boutique.
  1607 | D:2      | Reached XP level 4. HP: 37/41 MP: 9/9
  1648 | D:2      | Reached skill level 1 in Axes
  2253 | D:3      | Reached skill level 4 in Spellcasting
  2276 | D:3      | Found an opulent altar of Gozag.
  2472 | D:3      | Reached XP level 5. HP: 41/49 MP: 2/11
  2570 | D:3      | Reached skill level 1 in Air Magic
  2595 | D:3      | Found a white marble altar of Elyvilon.
  2738 | D:3      | Identified a scroll of acquirement
  2739 | D:3      | Acquired a +2 cloak of willpower
  3072 | D:1      | Bought a +0 war axe for 49 gold pieces
  3133 | D:4      | Noticed an ogre
  3147 | D:4      | Reached skill level 1 in Poison Magic
  3211 | D:4      | Reached skill level 1 in Armour
  3212 | D:4      | Found a glowing drain.
  3224 | Sewer    | Entered a sewer
  3287 | Sewer    | Noticed a water moccasin
  3313 | Sewer    | Killed a water moccasin
  3314 | Sewer    | Reached skill level 1 in Fire Magic
  3314 | Sewer    | Reached XP level 6. HP: 35/57 MP: 6/12
  3843 | D:4      | Learned a level 5 spell: Arcjolt
  4036 | D:4      | Reached XP level 7. HP: 66/66 MP: 11/13
  4777 | D:5      | Entered Level 5 of the Dungeon
  4785 | D:4      | Learned a level 2 spell: Wereblood
  5085 | D:5      | Reached skill level 1 in Transmutations
  5159 | D:5      | Reached XP level 8. HP: 75/75 MP: 12/14
  5301 | D:5      | Found an iron altar of Okawaru.
  5480 | D:5      | Became a worshipper of Warmaster Okawaru
  6674 | D:7      | Reached skill level 5 in Spellcasting
  6719 | D:7      | Reached * piety under Okawaru
  6743 | D:7      | Found a flagged portal.
  6759 | Bailey   | Entered a bailey
  6856 | Bailey   | Reached skill level 1 in Invocations
  6856 | Bailey   | Reached XP level 9. HP: 84/84 MP: 6/16
  6923 | Bailey   | Reached ** piety under Okawaru
  7398 | Bailey   | Acquired 1115 gold pieces
  7401 | Bailey   | Noticed an orc high priest
  7417 | Bailey   | Noticed an ice devil
  7418 | Bailey   | Noticed an orange demon
  7445 | Bailey   | Noticed a hellwing
  7451 | Bailey   | Killed an orc high priest
  7451 | Bailey   | Reached *** piety under Okawaru
  7637 | Bailey   | Reached skill level 5 in Fighting
  7769 | Bailey   | Found an iron altar of Okawaru.
  7769 | Bailey   | Noticed a kobold demonologist
  7772 | Bailey   | Noticed an ice devil
  7779 | Bailey   | Noticed a rust devil
  7789 | Bailey   | Noticed an orange demon
  7976 | Bailey   | Killed a kobold demonologist
  7977 | Bailey   | Reached skill level 5 in Conjurations
  7977 | Bailey   | Reached skill level 5 in Air Magic
  7977 | Bailey   | Reached XP level 10. HP: 88/96 MP: 5/18
  8104 | D:7      | Found a staircase to the Ecumenical Temple.
  8133 | D:7      | Found Nuydink's Assorted Antiques.
  8142 | D:7      | Bought a scroll labelled UPOUFO URAVAC for 32 gold pieces
  8142 | D:7      | Bought a scroll labelled BODUUGORUPS for 32 gold pieces
  8142 | D:7      | Bought an encrusted morningstar for 288 gold pieces
  8142 | D:7      | Identified the +11 morningstar of Exilocib {freeze, rElec
                  | Int+3} (You bought it in a shop on level 7 of the Dungeon)
  8428 | D:7      | Reached **** piety under Okawaru
  8429 | D:7      | Reached skill level 6 in Spellcasting
  8442 | D:7      | Reached skill level 1 in Shields
  8598 | D:7      | Found a blossoming altar of Fedhas.
  9076 | D:8      | Noticed a two-headed ogre
  9080 | D:8      | Mangled by a two-headed ogre

Illustrated notes

Levels and vault maps discovered:
D:1:      nicolae_arrival_memento_mori, layout_rooms,
          hellmonk_ecumenical_altar_arch_garden, serial_shops, shop,
          nicolae_square_shop, shop, shop, chequers_jeans
D:2:      layout_loops_ring, serial_shops, nicolae_shop_waterfront, minivault_25
D:3:      layout_basic, mainiacjoe_overflow_boulevard, elyvilon_altar_5,
          minmay_close_crescents
D:4:      wad_crossroads, layout_basic, gup_sewer_entry_bowl
D:5:      layout_rooms, lemuel_coloured_pillars_altar
D:6:      layout_gridville
D:7:      layout_loops_ring, lemuel_doored_altar,
          minmay_temple_entry_junction_2, enter_bailey_3, serial_shops, shop
D:8:      minmay_cut_squares, layout_cave_pods, dk_noncrumbling_2, uniq_erica

Skill      XL: |  1  2  3  4  5  6  7  8  9 10 |
---------------+-------------------------------+-----
Translocations | 1 2 3 |  3.0
Conjurations   | 1 2 3 5 |  5.1
Dodging        | 2 3 4 |  4.2
Fighting       | 1 2 3 4 5 |  5.4
Axes           | 1 2 3 4 |  4.0
Spellcasting   | 4 5 6 |  6.0
Air Magic      | 1 2 3 5 |  5.1
Poison Magic   | 1 2 |  2.0
Armour         | 1 |  1.3
Fire Magic     | 1 2 3 |  3.4
Transmutations | 1 2 3 |  3.1
Invocations    | 1 2 3 |  3.0
Shields        | 1 |  1.2
Maces & Flails | |  0.3
Stealth        | |  1.4
Summonings     | |  0.8
Necromancy     | |  0.3

Action                     |  1- 3 |  4- 6 |  7- 9 | 10-12 || total
---------------------------+-------+-------+-------+-------++-------
  Melee: Dagger            |    74 |   100 |       |       ||   174
         Punch             |       |     3 |     2 |       ||     5
         War axe           |       |    91 |   179 |       ||   270
         Broad axe         |       |       |    82 |    10 ||    92
         Morningstar       |       |       |       |    41 ||    41
   Cast: Magic Dart        |    18 |     2 |    15 |       ||    35
         Call Imp          |     4 |    24 |     6 |       ||    34
         Blink             |       |     5 |     3 |     1 ||     9
         Mephitic Cloud    |       |     6 |    35 |     4 ||    45
         Wereblood         |       |       |    17 |     4 ||    21
  Evoke: Wand              |       |       |     3 |       ||     3
    Use: Scroll            |     1 |     8 |    18 |     2 ||    29
         Potion            |       |     5 |     1 |       ||     6
   Stab: Sleeping          |     3 |     2 |     1 |       ||     6
         Confused          |       |     2 |     6 |       ||     8
         Invisible         |       |     1 |       |       ||     1
         Distracted        |       |       |     1 |       ||     1
 Armour: Robe              |    29 |   102 |   127 |    46 ||   304
  Dodge: Dodged            |    61 |   143 |   158 |    39 ||   401

Table legend: (Time is in decaauts)
 A = Elapsed time spent in this place.
 B = Non-inter-level travel time spent in this place.
 C = Inter-level travel time spent in this place.
 D = Time resting spent in this place.
 E = Time spent auto-exploring this place.
 F = Levels seen in this place.
 G = Mean time per level.
                   A        B        C        D        E       F      G
               +--------+--------+--------+--------+--------+-----+--------+
         Total |   9253 |   8955 |    298 |   1241 |   4536 |  10 |  925.3 |
       Dungeon |   7648 |   7350 |    298 |    502 |   4408 |   8 |  956.0 |
         Sewer |    224 |    224 |      0 |     90 |      0 |   1 |  224.0 |
        Bailey |   1380 |   1380 |      0 |    649 |    128 |   1 | 1380.0 |
               +--------+--------+--------+--------+--------+-----+--------+

Top non-repeatable levels by time:
     D:4: 1494 daAuts
     D:2: 1397 daAuts
  Bailey: 1380 daAuts
     D:6: 1140 daAuts
     D:7: 1079 daAuts
     D:1: 890 daAuts
     D:3: 839 daAuts
     D:5: 751 daAuts
   Sewer: 224 daAuts
     D:8: 54 daAuts
